 Dungeon Crawl Stone Soup version 0.26-a0-642-g67e99244d3 (webtiles) character file.

Game seed: 1713333417702379415

2907 funnypoop the Grappler (level 9, -18/80 HPs)
             Began as a Troll Fighter on Sept 21, 2020.
             Demolished by a two-headed ogre
             ... wielding a +0 giant spiked club
              (24 damage)
             ... on level 9 of the Dungeon.
             The game lasted 00:27:22 (3108 turns).

funnypoop the Grappler (Troll Fighter)              Turns: 3108, Time: 00:27:23

Health: -18/80     AC:  9    Str: 29    XL:     9   Next: 49%
Magic:  8/8        EV: 10    Int:  4    God:
Gold:   255        SH: 15    Dex:  9    Spells: 8/8 levels left

rFire    . . .     SeeInvis .     - Unarmed
rCold    . . .     Faith    .   c - +0 kite shield
rNeg     . . .     Spirit   .   b - +1 robe
rPois    .         Reflect  +   r - +2 hat
rElec    .         Harm     .   (no cloak)
rCorr    .         Rampage  .   (gloves unavailable)
MR       .....                  (boots unavailable)
Stlth    ++........             e - amulet of reflection
HPRegen  0.63/turn              y - +4 ring of slaying
MPRegen  0.11/turn              w - ring of stealth

@: no status effects
A: large, unfitting armour, claws 3, regeneration 1, shaggy fur 1, tough skin 3
a: no special abilities


You were on level 9 of the Dungeon.
You visited 1 branch of the dungeon, and saw 9 of its levels.

You collected 319 gold pieces.
You spent 64 gold pieces at shops.

Inventory:

Hand Weapons
 a - a +0 war axe
Missiles
 j - 7 javelins (quivered)
 k - 8 poisoned darts
Armour
 b - a +1 robe (worn)
 c - a +0 kite shield (worn)
 r - a +2 hat (worn)
Jewellery
 e - an amulet of reflection (around neck)
 w - a ring of stealth (right claw)
 y - a +4 ring of slaying (left claw)
Wands
 l - a wand of polymorph (17)
 q - a wand of random effects (14)
 v - a wand of acid (10)
Scrolls
 m - a scroll of identify
 o - a scroll of teleportation
 u - 2 scrolls of remove curse
 x - a scroll of immolation {unknown}
Potions
 d - a potion of might
 f - 2 potions of haste {unknown}
 g - a potion of stabbing {unknown}
 h - 2 potions of flight {unknown}
 i - 4 potions of curing {unknown}
 n - a potion of heal wounds {unknown}
 p - 2 potions of degeneration {unknown}
 s - a potion of lignification {unknown}
 t - a potion of magic {unknown}


   Skills:
 - Level 2.4 Fighting
 - Level 1.5 Axes
 - Level 0.1 Throwing
 + Level 5.2 Dodging
 + Level 1.0 Stealth
 + Level 5.4 Shields
 * Level 10.1 Unarmed Combat


You had 8 spell levels left.
You didn't know any spells.
Your spell library was empty.

Dungeon Overview and Level Annotations

Branches:
Dungeon (9/15)             Temple (0/1) D:5
   Lair: D:8-11         Orc: D:9-12

Altars:
Kikubaaqudgha
Okawaru
Ru
Yredelemnul

Shops:
D:5 [**

Annotations:
D:9 exclusion: obsidian statue


Innate Abilities, Weirdness & Mutations

You are too large for most types of armour.
You have claws for hands.
Your natural rate of healing is unusually fast.
You are covered in fur. (AC +1)
You have extremely tough skin. (AC +3)


Message History

You kill the gnoll!
Things that are here:
a cursed +0 halberd; a gnoll corpse A two-headed ogre comes into view.
It is wielding a +0 giant spiked club and a +0 giant club.
A two-headed ogre is nearby!
You scratch the two-headed ogre.
The two-headed ogre is lightly wounded.
The two-headed ogre hits you with a +0 giant spiked club!!
The two-headed ogre hits you with a +0 giant club!
You claw the two-headed ogre!
The two-headed ogre is moderately wounded.
You barely miss the two-headed ogre.
The two-headed ogre is moderately wounded.
You block the two-headed ogre's attack. x2
You completely miss the two-headed ogre.
The two-headed ogre is moderately wounded.
The two-headed ogre hits you with a +0 giant spiked club!!
* * * LOW HITPOINT WARNING * * *
The two-headed ogre hits you with a +0 giant club!!
You die...

#...........
#.##.#####.
###..# ###.##
##...# #..###
#.##.. ##.#
.# #.@# .#
#######O###.#
#.........[.#
#......)...##
#[.....)..##
##.###..###
#.. .....
#.......$.
#..........


You could see a two-headed ogre.

Vanquished Creatures
  The ghost of DogServant the Geomancer, a novice GrEE (D:7)
  2 orc warriors
  3 ice beasts
  A phantom (D:8)
  A necrophage (D:6)
  2 ogres
  A centaur (D:8)
  A big kobold (D:7)
  2 bullfrogs (D:8)
  A bullfrog zombie (D:7)
  5 howler monkeys
  A quasit (D:5)
  A centaur zombie (D:7)
  3 hounds
  A bullfrog skeleton (D:5)
  A gnoll shaman (D:8)
  7 orc priests
  A centaur skeleton (D:7)
  7 orc wizards
  3 worker ants
  An iguana (D:8)
  A hound skeleton (D:8)
  A spectral howler monkey (D:7)
  3 howler monkey zombies
  2 worker ant zombies (D:5)
  An adder (D:8)
  13 gnolls
  2 white imps (D:6)
  A spectral adder (D:7)
  An adder zombie (D:6)
  2 oozes
  4 worms
  An adder skeleton (D:6)
  3 leopard geckos
  18 orcs
  3 giant cockroaches
  A goblin (D:3)
  6 hobgoblins
  6 jackals (D:5)
  9 bats
  4 frilled lizards
  11 kobolds
  A leopard gecko skeleton (D:6)
  3 rats
143 creatures vanquished.

Vanquished Creatures (others)
  5 plants (D:5)
5 creatures vanquished.

Grand Total: 148 creatures vanquished

Notes
Turn   | Place    | Note
-------+----------+-------------------------------------------
     0 | D:1      | funnypoop the Troll Fighter began the quest for the Orb.
     0 | D:1      | Reached XP level 1. HP: 22/22 MP: 0/0
   510 | D:1      | Reached XP level 2. HP: 29/29 MP: 1/1
   559 | D:2      | Found a basalt altar of Yredelemnul.
   567 | D:2      | Reached skill level 1 in Unarmed Combat
   797 | D:3      | Found an iron altar of Okawaru.
   843 | D:3      | Reached XP level 3. HP: 36/36 MP: 2/2
   861 | D:3      | Reached skill level 2 in Unarmed Combat
   942 | D:3      | Reached XP level 4. HP: 37/44 MP: 3/3
  1193 | D:3      | Reached skill level 3 in Unarmed Combat
  1193 | D:3      | Reached XP level 5. HP: 30/50 MP: 4/4
  1619 | D:4      | Reached skill level 4 in Unarmed Combat
  1624 | D:4      | Reached XP level 6. HP: 38/59 MP: 5/5
  1742 | D:5      | Entered Level 5 of the Dungeon
  1742 | D:5      | Noticed an ice beast
  1754 | D:5      | Killed an ice beast
  1777 | D:5      | Reached skill level 5 in Unarmed Combat
  1817 | D:5      | Found a staircase to the Ecumenical Temple.
  1866 | D:5      | Found Eczig's Assorted Antiques.
  1884 | D:5      | Bought a scroll labeled WOWEEKHL ZOUK for 32 gold pieces
  1884 | D:5      | Bought a scroll labeled LUOLUEG YRALIG for 32 gold pieces
  1934 | D:5      | Reached XP level 7. HP: 66/66 MP: 6/6
  1936 | D:5      | Found Gejydaod's Assorted Antiques.
  2011 | D:5      | Found Kaqy Cio's Armour Boutique.
  2108 | D:6      | Reached skill level 6 in Unarmed Combat
  2174 | D:6      | Found an ancient bone altar of Kikubaaqudgha.
  2353 | D:6      | Reached XP level 8. HP: 74/74 MP: 7/7
  2357 | D:6      | Reached skill level 7 in Unarmed Combat
  2409 | D:7      | Found a sacrificial altar of Ru.
  2461 | D:7      | Found a runed translucent gate.
  2461 | D:7      | Found a runed translucent gate.
  2462 | D:7      | Found a runed translucent gate.
  2466 | D:7      | Noticed DogServant's ghost (novice GrEE)
  2524 | D:7      | Killed DogServant's ghost
  2524 | D:7      | Reached skill level 8 in Unarmed Combat
  2635 | D:7      | Reached skill level 9 in Unarmed Combat
  2635 | D:7      | Reached XP level 9. HP: 80/80 MP: 8/8
  2802 | D:8      | Reached skill level 5 in Dodging
  2843 | D:8      | Reached skill level 5 in Shields
  2990 | D:8      | Reached skill level 1 in Stealth
  3031 | D:9      | Reached skill level 10 in Unarmed Combat
  3063 | D:9      | Noticed an obsidian statue
  3098 | D:9      | Noticed a two-headed ogre
  3108 | D:9      | Demolished by a two-headed ogre

Illustrated notes

Levels and vault maps discovered:
D:1:      lightli_arrival_isolated_outpost, layout_basic,
          serial_co_window_serial, co_window_corner_a,
          co_window_of_opportunity_a, co_window_corner_a,
          co_window_of_opportunity_a, co_window_paths_b, co_window_broadway_c,
          co_window_corner_b, co_window_unsneaky_path_e,
          co_window_of_opportunity_b, glass_columns_b, glass_columns_c,
          glass_columns_a, glass_columns_c
D:2:      layout_basic, lemuel_doored_altar
D:3:      layout_loops_ring, okawaru_ov_weapons_minmay
D:4:      layout_basic
D:5:      cheibrodos_helix_gallery, layout_loops_cross, minitemple,
          minmay_temple_entry_overgrown, serial_shops, kennysheep_mini_moat,
          shop, shop, nicolae_shop_overgrown_old_shop, shop, uniq_edmund,
          uniq_pikel, uniq_sigmund
D:6:      layout_rooms, old_standard_altar
D:7:      layout_basic, nicolae_overflow_crystal_walls,
          gammafunk_ghost_necromancy
D:8:      layout_basic, grunt_decor_arrowhead
D:9:      layout_rooms, grunt_temple_overflow_gold_and_silver,
          gammafunk_temple_overflow_arena, minivault_16, kennysheep_nondescript

Skill      XL: |  1  2  3  4  5  6  7  8  9 |
---------------+----------------------------+-----
Unarmed Combat | 1 2 3 4 5 6 9 10 | 10.1
Shields        | 3 4 5 |  5.4
Dodging        | 3 4 5 |  5.2
Stealth        | 1 |  1.0
Fighting       | |  2.4
Axes           | |  1.5
Throwing       | |  0.1

Action                   |  1- 3 |  4- 6 |  7- 9 || total
-------------------------+-------+-------+-------++-------
Melee: Unarmed           |   118 |   151 |   278 ||   547
       War axe           |    10 |       |       ||    10
Throw: Javelin           |       |     7 |       ||     7
  Use: Scroll            |       |     7 |     2 ||     9
 Stab: Sleeping          |     1 |       |     1 ||     2
Armor: Robe              |    53 |    50 |   101 ||   204
Dodge: Dodged            |    55 |    48 |    77 ||   180
Block: Kite shield       |    73 |    47 |   207 ||   327
       Reflection        |       |       |    18 ||    18

Table legend: (Time is in decaauts)
 A = Elapsed time spent in this place.
 B = Non-inter-level travel time spent in this place.
 C = Inter-level travel time spent in this place.
 D = Time resting spent in this place.
 E = Time spent auto-exploring this place.
 F = Levels seen in this place.
 G = Mean time per level.
                   A        B        C        D        E       F      G
               +--------+--------+--------+--------+--------+-----+--------+
         Total |   3103 |   3094 |      9 |    206 |    310 |   9 |  344.8 |
       Dungeon |   3103 |   3094 |      9 |    206 |    310 |   9 |  344.8 |
               +--------+--------+--------+--------+--------+-----+--------+

Top non-repeatable levels by time:
     D:3: 675 daAuts
     D:1: 553 daAuts
     D:5: 337 daAuts
     D:7: 319 daAuts
     D:4: 316 daAuts
     D:6: 294 daAuts
     D:8: 292 daAuts
     D:2: 217 daAuts
     D:9: 97 daAuts
